AoeStats
← 玩印度的哥们硬不起来

Arena

510390722Analyzed
1v1 RM · 16h ago on Sep 30, 2026· 29m 55s· 2 players
Game mode
Random Map
Map size
Tiny (2 player)
Population
200
Speed
Normal
Resources
Standard
Victory
Conquest
Starting age
Dark Age
Ending age
Imperial Age
RankedLock teamsTeams togetherTeam positionsShared explorationLock speedFull tech treeHidden civsTurbo modeCheats
Victory
Defeat
🇨🇿 Bohemians · Czechia
1106
+15
1090
-39
玩印度的哥们硬不起来
3:45 Loom
11:32 Feudal Age
12:26 Stone Mining
17:44 Castle Age
17:54 Wheelbarrow
23:05 Scale Mail Armor
23:09 Fletching
jiri.bubnik
0:27 Loom
13:11 Feudal Age
16:58 Castle Age
16:46 Fletching
16:55 Double-Bit Axe
25:32 Bodkin Arrow
26:58 Wheelbarrow
Connection lost

Rejoining the realm…

Still unreachable

The connection could not be restored.

Session expired

The server has moved on; the page needs a fresh start.